[Event "FIDE Grand Swiss 2023"]
[Site "Villa Marina, Douglas, Isle of Man"]
[Date "2023.10.27"]
[Round "3.52"]
[White "Dardha, Daniel"]
[Black "Henriquez Villagra, Cristobal"]
[Result "1-0"]
[WhiteElo "2580"]
[BlackElo "2630"]
[EventDate "2023.10.25"]
[ECO "D35"]
[PlyCount "49"]
[BlackFideId "3409350"]
[TimeControl "40/100 + 20/50 + 15 + 30s/move"]
[WhiteFideId "240990"]

1.d4 d5 2.c4 e6 3.Nc3 Nf6 4.cxd5 exd5 5.Bg5 c6 6.e3 h6 7.Bh4 Be7 8.Bd3 O-O 9.Qc2 Re8 10.Nf3 Ne4 11.Bxe7 Qxe7 12.O-O Nd7 13.Rae1 a5 14.Nd2 Ndf6 15.f3 Ng5 16.f4 Ne6 17.Nf3 c5 18.f5 Nf8 19.e4 cxd4 20.Nxd5 Nxd5 21.exd5 Qd8 22.Qc5 Rxe1 23.Rxe1 b6 24.Qe7 Bd7 25.d6 1-0

[Event "FIDE Grand Swiss 2023"]
[Site "Villa Marina, Douglas, Isle of Man"]
[Date "2023.10.27"]
[Round "3.53"]
[White "Gurel, Ediz"]
[Black "Kuzubov, Yuriy"]
[Result "0-1"]
[WhiteElo "2514"]
[BlackElo "2625"]
[EventDate "2023.10.25"]
[ECO "B19"]
[PlyCount "74"]
[BlackFideId "14112906"]
[TimeControl "40/100 + 20/50 + 15 + 30s/move"]
[WhiteFideId "44507356"]

1.e4 c6 2.d4 d5 3.Nd2 dxe4 4.Nxe4 Bf5 5.Ng3 Bg6 6.h4 h6 7.Nf3 Nd7 8.h5 Bh7 9.Bd3 Bxd3 10.Qxd3 e6 11.Bd2 Ngf6 12.O-O-O Qc7 13.Qe2 Bd6 14.Nf5 Bf4 15.Ne3 Bxe3 16.Bxe3 Qa5 17.Kb1 O-O-O 18.Bf4 Qb5 19.Qe1 Nxh5 20.Bh2 Nhf6 21.Rd3 b6 22.d5 cxd5 23.Nd4 Qa4 24.Rc3+ Nc5 25.Qe5 Kb7 26.Ra3 Qd7 27.Qe2 e5 28.Bxe5 Rhe8 29.b4 Na4 30.b5 Ne4 31.Ka1 Nec3 32.Qh5 g6 33.Qh4 Rxe5 34.Nc6 Rh5 35.Rxa4 Nxa4 36.Qxa4 Rxh1+ 37.Kb2 a5 0-1

[Event "FIDE Grand Swiss 2023"]
[Site "Villa Marina, Douglas, Isle of Man"]
[Date "2023.10.27"]
[Round "3.54"]
[White "Greenfeld, Alon"]
[Black "Gupta, Abhijeet"]
[Result "1/2-1/2"]
[WhiteElo "2455"]
[BlackElo "2609"]
[EventDate "2023.10.25"]
[ECO "E67"]
[PlyCount "93"]
[BlackFideId "5010608"]
[TimeControl "40/100 + 20/50 + 15 + 30s/move"]
[WhiteFideId "2800039"]

1.Nf3 Nf6 2.c4 g6 3.Nc3 Bg7 4.g3 O-O 5.Bg2 d6 6.d4 Nbd7 7.O-O e5 8.e4 exd4 9.Nxd4 Re8 10.h3 Nc5 11.Re1 h6 12.Nb3 Ne6 13.Qc2 Ng5 14.Kh2 Qd7 15.Bxg5 hxg5 16.Rad1 g4 17.h4 Qe7 18.c5 dxc5 19.e5 Bf5 20.exf6 Qxe1 21.Qc1 Qxf2 22.Rd2 Qe1 23.Qxe1 Rxe1 24.fxg7 Kxg7 25.Bxb7 Rh8 26.Kg2 c4 27.Kf2 Re5 28.Nc1 g5 29.hxg5 Re6 30.N1e2 Rb8 31.Nd4 Rxb7 32.Nxf5+ Kg6 33.Ne3 Kxg5 34.Rd5+ f5 35.Rxf5+ Kg6 36.Ncd1 c3 37.bxc3 Ra6 38.Rf4 Rxa2+ 39.Ke1 a5 40.Rxg4+ Kf6 41.Rf4+ Ke5 42.Nc4+ Ke6 43.Ncb2 Raxb2 44.Nxb2 Rxb2 45.Ra4 Kd5 46.Rxa5+ Kc4 47.Rf5 1/2-1/2

[Event "FIDE Grand Swiss 2023"]
[Site "Villa Marina, Douglas, Isle of Man"]
[Date "2023.10.27"]
[Round "3.55"]
[White "Bachmann, Axel"]
[Black "Fawzy, Adham"]
[Result "1/2-1/2"]
[WhiteElo "2604"]
[BlackElo "2535"]
[EventDate "2023.10.25"]
[ECO "D97"]
[PlyCount "34"]
[BlackFideId "10613129"]
[TimeControl "40/100 + 20/50 + 15 + 30s/move"]
[WhiteFideId "3700488"]

1.c4 Nf6 2.Nf3 g6 3.Nc3 d5 4.d4 Bg7 5.Qb3 dxc4 6.Qxc4 O-O 7.e4 a6 8.e5 b5 9.Qb3 Nfd7 10.Be3 c5 11.dxc5 Nxe5 12.Nxe5 Bxe5 13.Be2 Be6 14.Qc2 Bf5 15.Qb3 Be6 16.Qc2 Bf5 17.Qb3 Be6 1/2-1/2

[Event "FIDE Grand Swiss 2023"]
[Site "Villa Marina, Douglas, Isle of Man"]
[Date "2023.10.27"]
[Round "3.56"]
[White "Krasenkow, Michal"]
[Black "Wagner, Dennis"]
[Result "1/2-1/2"]
[WhiteElo "2531"]
[BlackElo "2589"]
[EventDate "2023.10.25"]
[ECO "D40"]
[PlyCount "61"]
[BlackFideId "24650684"]
[TimeControl "40/100 + 20/50 + 15 + 30s/move"]
[WhiteFideId "1113100"]

1.Nf3 Nf6 2.c4 c5 3.Nc3 Nc6 4.e3 e6 5.d4 d5 6.a3 a6 7.dxc5 Bxc5 8.b4 Bd6 9.Bb2 O-O 10.Qc2 Qe7 11.Rd1 Rd8 12.h3 dxc4 13.Bxc4 b5 14.Bd3 Ne5 15.Nxe5 Bxe5 16.Ne2 Bxb2 17.Qxb2 Bb7 18.O-O e5 19.Ng3 g6 20.Be2 h5 21.Rxd8+ Rxd8 22.Rd1 Rxd1+ 23.Bxd1 Qd6 24.Be2 h4 25.Nf1 Nd7 26.Nd2 Nb6 27.Qc2 Qc6 28.Qxc6 Bxc6 29.e4 f6 30.Bd3 Kf7 31.Kf1 1/2-1/2

[Event "FIDE Grand Swiss 2023"]
[Site "Villa Marina, Douglas, Isle of Man"]
[Date "2023.10.27"]
[Round "3.57"]
[White "Adhiban, B."]
[Black "Kolbus, Dietmar"]
[Result "1/2-1/2"]
[WhiteElo "2551"]
[BlackElo "2225"]
[EventDate "2023.10.25"]
[ECO "C24"]
[PlyCount "112"]
[BlackFideId "4610628"]
[TimeControl "40/100 + 20/50 + 15 + 30s/move"]
[WhiteFideId "5018471"]

1.e4 e5 2.Bc4 Nf6 3.d3 c6 4.Nf3 d5 5.Bb3 Bb4+ 6.c3 Bd6 7.Bg5 dxe4 8.dxe4 h6 9.Bh4 Qe7 10.Nbd2 Bc7 11.Nc4 Nbd7 12.Bc2 Nf8 13.O-O Ng6 14.Bg3 O-O 15.Re1 Rd8 16.Qe2 Nh5 17.Ne3 Nxg3 18.hxg3 Be6 19.Bb3 Rd7 20.Qc2 Rad8 21.Bxe6 Qxe6 22.Qb3 Qxb3 23.axb3 a6 24.Kf1 f6 25.Red1 Rxd1+ 26.Nxd1 h5 27.Ne3 Nf8 28.Ke2 g6 29.Ne1 Ne6 30.Nd3 Kg7 31.b4 Kf7 32.Rh1 Kg7 33.Nc4 Rd7 34.f3 Rd8 35.Rf1 Re8 36.Ke3 Re7 37.Na5 Bb6+ 38.Ke2 Ba7 39.Rd1 Kf8 40.b3 Rc7 41.f4 exf4 42.Nxf4 Ng5 43.Rd8+ Kg7 44.Ra8 Bg1 45.Nh3 Nxh3 46.gxh3 c5 47.Rd8 cxb4 48.cxb4 b5 49.g4 hxg4 50.hxg4 Bh2 51.Ra8 Be5 52.Rxa6 Rc2+ 53.Kf1 Rc1+ 54.Kf2 Rc2+ 55.Kf1 Rc1+ 56.Kf2 Rc2+ 1/2-1/2

[Event "FIDE Grand Swiss 2023"]
[Site "Villa Marina, Douglas, Isle of Man"]
[Date "2023.10.28"]
[Round "4.1"]
[White "Caruana, Fabiano"]
[Black "Sindarov, Javokhir"]
[Result "1/2-1/2"]
[WhiteElo "2786"]
[BlackElo "2658"]
[EventDate "2023.10.25"]
[ECO "E73"]
[PlyCount "62"]
[BlackFideId "14205483"]
[TimeControl "40/100 + 20/50 + 15 + 30s/move"]
[WhiteFideId "2020009"]
[ePGN "0.1;DGT LiveChess/2.2.5"]

1.c4 g6 2.e4 Bg7 3.d4 d6 4.Nc3 Nf6 5.Be2 O-O 6.Be3 c5 7.d5 Qb6 8.Rb1 Qa5 9.Bd2 e6 10.Nf3 exd5 11.Nxd5 Qd8 12.Bg5 Nc6 13.O-O Re8 14.Bd3 Nb4 15.Nxb4 cxb4 16.Qd2 Bg4 17.Nd4 Bd7 18.Qxb4 Qb6 19.Nb5 Nxe4 20.Be3 Nc5 21.Qd2 Bxb5 22.cxb5 d5 23.b4 d4 24.bxc5 dxe3 25.Qc2 Qd8 26.fxe3 Rxe3 27.Rbd1 Qg5 28.Kh1 Be5 29.Qf2 Qh6 30.h3 Rxh3+ 31.gxh3 Qxh3+ 1/2-1/2

[Event "FIDE Grand Swiss 2023"]
[Site "Villa Marina, Douglas, Isle of Man"]
[Date "2023.10.28"]
[Round "4.2"]
[White "Predke, Alexandr"]
[Black "Erigaisi, Arjun"]
[Result "1/2-1/2"]
[WhiteElo "2656"]
[BlackElo "2712"]
[EventDate "2023.10.25"]
[ECO "D41"]
[PlyCount "64"]
[BlackFideId "35009192"]
[TimeControl "40/100 + 20/50 + 15 + 30s/move"]
[WhiteFideId "24107581"]

1.d4 Nf6 2.c4 e6 3.Nf3 d5 4.Nc3 c5 5.cxd5 Nxd5 6.e4 Nxc3 7.bxc3 cxd4 8.cxd4 Bb4+ 9.Bd2 Bxd2+ 10.Qxd2 O-O 11.h3 b6 12.Rd1 Bb7 13.Bd3 Nc6 14.Qe3 Rc8 15.O-O Re8 16.Bb1 Na5 17.d5 exd5 18.e5 Nc4 19.Qf4 Qc7 20.Rfe1 Re7 21.Bxh7+ Kxh7 22.Qh4+ Kg8 23.Ng5 Rxe5 24.Qh7+ Kf8 25.Qh8+ Ke7 26.Qxg7 Rxe1+ 27.Rxe1+ Kd6 28.Qf6+ Kc5 29.Re7 Qd6 30.Qxf7 Kb4 31.Rd7 Nd2 32.Rxd6 Rc1+ 1/2-1/2

[Event "FIDE Grand Swiss 2023"]
[Site "Villa Marina, Douglas, Isle of Man"]
[Date "2023.10.28"]
[Round "4.3"]
[White "Sevian, Samuel"]
[Black "L'ami, Erwin"]
[Result "1/2-1/2"]
[WhiteElo "2698"]
[BlackElo "2627"]
[EventDate "2023.10.25"]
[ECO "C92"]
[PlyCount "93"]
[BlackFideId "1007998"]
[TimeControl "40/100 + 20/50 + 15 + 30s/move"]
[WhiteFideId "2040506"]

1.e4 e5 2.Nf3 Nc6 3.Bb5 a6 4.Ba4 Nf6 5.O-O Be7 6.Re1 b5 7.Bb3 d6 8.c3 O-O 9.h3 Re8 10.d4 Bb7 11.Nbd2 Bf8 12.Bc2 Nb8 13.a4 Nbd7 14.Bd3 d5 15.axb5 dxe4 16.Nxe4 Nxe4 17.Bxe4 Bxe4 18.Rxe4 axb5 19.Rxa8 Qxa8 20.Qe2 f6 21.dxe5 Qa1 22.Qc2 Nxe5 23.Nd4 Rd8 24.Re1 Qa4 25.b3 Qa6 26.b4 c5 27.bxc5 Bxc5 28.Qb3+ Kh8 29.Ne6 Bxf2+ 30.Kxf2 Nd3+ 31.Kf1 Re8 32.Re3 Nxc1 33.Ng5 b4+ 34.Kg1 Qa7 35.Kh1 Rf8 36.Qxb4 Qb8 37.Nf7+ Kg8 38.Nd6 Qc7 39.Nf5 Rd8 40.Qa4 Qd7 41.Qa5 g6 42.Qb6 gxf5 43.Qxf6 Qc7 44.Qg5+ Kh8 45.Qf6+ Kg8 46.Qg5+ Kh8 47.Qf6+ 1/2-1/2

[Event "FIDE Grand Swiss 2023"]
[Site "Villa Marina, Douglas, Isle of Man"]
[Date "2023.10.28"]
[Round "4.4"]
[White "Maurizzi, Marc`andria"]
[Black "Esipenko, Andrey"]
[Result "0-1"]
[WhiteElo "2555"]
[BlackElo "2683"]
[EventDate "2023.10.25"]
[ECO "C88"]
[PlyCount "56"]
[BlackFideId "24175439"]
[TimeControl "40/100 + 20/50 + 15 + 30s/move"]
[WhiteFideId "36083534"]

1.e4 e5 2.Nf3 Nc6 3.Bb5 a6 4.Ba4 Nf6 5.O-O Be7 6.Re1 b5 7.Bb3 O-O 8.a4 Rb8 9.axb5 axb5 10.h3 d6 11.c3 b4 12.d3 h6 13.Nbd2 Re8 14.c4 Bd7 15.Ba4 Bf8 16.Nb3 Ne7 17.d4 Bxa4 18.Rxa4 exd4 19.Nbxd4 c5 20.Nb5 Ng6 21.Qd3 Qb6 22.b3 Qc6 23.Nd2 d5 24.Na7 Qb7 25.cxd5 Nxd5 26.Bb2 Ndf4 27.Qf1 Rbd8 28.Nf3 Rxe4 0-1

[Event "FIDE Grand Swiss 2023"]
[Site "Villa Marina, Douglas, Isle of Man"]
[Date "2023.10.28"]
[Round "4.5"]
[White "Sarana, Alexey"]
[Black "Zhalmakhanov, Ramazan"]
[Result "1/2-1/2"]
[WhiteElo "2682"]
[BlackElo "2447"]
[EventDate "2023.10.25"]
[ECO "D43"]
[PlyCount "96"]
[BlackFideId "13706357"]
[TimeControl "40/100 + 20/50 + 15 + 30s/move"]
[WhiteFideId "24133795"]

1.d4 d5 2.c4 c6 3.Nf3 Nf6 4.Nc3 e6 5.Bg5 h6 6.Bxf6 Qxf6 7.Qb3 Nd7 8.e4 dxe4 9.Nxe4 Qf5 10.Bd3 Qa5+ 11.Nc3 Bb4 12.O-O Bxc3 13.bxc3 O-O 14.Rfe1 c5 15.Rad1 Rd8 16.Bb1 cxd4 17.cxd4 Nf6 18.Re3 Bd7 19.Ne5 Bc6 20.h3 Rd6 21.Qa3 Qxa3 22.Rxa3 Kf8 23.f3 Rad8 24.Rad3 Nd7 25.Nxd7+ R6xd7 26.Kf2 g5 27.Ke3 f5 28.Bc2 Ke7 29.Bb3 b5 30.g3 bxc4 31.Bxc4 Kf6 32.Rc1 Ba8 33.Rcc3 f4+ 34.gxf4 gxf4+ 35.Kxf4 Rxd4+ 36.Ke3 Rxd3+ 37.Bxd3 Bd5 38.a4 Rd7 39.a5 Rg7 40.a6 Ke5 41.Be2 Kd6 42.Rc8 Rg3 43.Rh8 Rxh3 44.Rh7 Rh4 45.Rxa7 Ra4 46.Rh7 Ra3+ 47.Kf4 Ra4+ 48.Kg3 Ra2 1/2-1/2

[Event "FIDE Grand Swiss 2023"]
[Site "Villa Marina, Douglas, Isle of Man"]
[Date "2023.10.28"]
[Round "4.6"]
[White "Tabatabaei, M. Amin"]
[Black "Nakamura, Hikaru"]
[Result "0-1"]
[WhiteElo "2685"]
[BlackElo "2780"]
[EventDate "2023.10.25"]
[ECO "D30"]
[PlyCount "88"]
[BlackFideId "2016192"]
[TimeControl "40/100 + 20/50 + 15 + 30s/move"]
[WhiteFideId "12521213"]

1.d4 d5 2.c4 e6 3.Nf3 c5 4.cxd5 exd5 5.g3 Nc6 6.Bg2 Nf6 7.O-O Be7 8.dxc5 Bxc5 9.a3 Ne4 10.Nfd2 f5 11.b4 Be7 12.Bb2 Bf6 13.Bxf6 Qxf6 14.Nb3 O-O 15.e3 Be6 16.N1d2 Ne5 17.Nf3 Nc4 18.Qd4 Qe7 19.Rfc1 Bf7 20.h4 a6 21.Ne1 Rad8 22.Nd3 h6 23.a4 b6 24.a5 b5 25.Rc2 Rd6 26.Bf3 Qe8 27.Re1 Bh5 28.Bg2 g5 29.hxg5 hxg5 30.f4 Qg6 31.Ne5 Qg7 32.Nxc4 dxc4 33.Qxg7+ Kxg7 34.Nd4 Nxg3 35.fxg5 f4 36.Kf2 Bg6 37.Rc3 Nh5 38.Nf3 Ng3 39.Nd4 Ne4+ 40.Bxe4 Bxe4 41.Nf3 Bxf3 42.Kxf3 fxe3+ 43.Kg4 Rd4+ 44.Kh3 Re8 0-1

[Event "FIDE Grand Swiss 2023"]
[Site "Villa Marina, Douglas, Isle of Man"]
[Date "2023.10.28"]
[Round "4.7"]
[White "Abasov, Nijat"]
[Black "Firouzja, Alireza"]
[Result "0-1"]
[WhiteElo "2679"]
[BlackElo "2777"]
[EventDate "2023.10.25"]
[ECO "E00"]
[PlyCount "129"]
[BlackFideId "12573981"]
[TimeControl "40/100 + 20/50 + 15 + 30s/move"]
[WhiteFideId "13402960"]

1.d4 Nf6 2.Nf3 d5 3.c4 e6 4.g3 Bb4+ 5.Bd2 Be7 6.Bg2 O-O 7.O-O Nbd7 8.Qc2 c6 9.Bf4 a5 10.h4 a4 11.a3 h6 12.Nc3 dxc4 13.e4 b5 14.Rad1 Bb7 15.Bh3 c5 16.dxc5 Qc8 17.Bd6 Re8 18.Nd4 Nxc5 19.Bxe7 Rxe7 20.e5 Nfd7 21.f4 Nd3 22.Ndxb5 Qc5+ 23.Kh2 Rb8 24.Nd6 Bc6 25.Rb1 Nb6 26.Bg2 Bxg2 27.Qxg2 Nd5 28.Qe2 Nxc3 29.bxc3 Rb3 30.Qe4 Qd5 31.Qxc4 Qxc4 32.Nxc4 Rc7 33.Nd2 Rbxc3 34.Rf3 Rd7 35.Kh3 Rxa3 36.h5 Ra2 37.Ne4 a3 38.Nd6 Rd2 39.Nc4 Re2 40.Nxa3 Nf2+ 41.Kh4 Ne4 42.Rfb3 Rh2+ 43.Kg4 Nd2 44.R1b2 f5+ 45.exf6 gxf6 46.Rxd2 Rhxd2 47.Re3 R7d3 48.Nc4 Rxe3 49.Nxe3 Rd3 50.Kf3 f5 51.Kf2 Rd2+ 52.Kf3 Rd3 53.Kf2 Kg7 54.Nc4 Kf6 55.Ne5 Rd5 56.Ng6 Ra5 57.Kg2 Kf7 58.Kh3 Ra2 59.Ne5+ Kf6 60.Nd7+ Ke7 61.Ne5 Rc2 62.Ng6+ Kd6 63.Ne5 Kd5 64.Nf7 Rc7 65.Ne5 0-1

[Event "FIDE Grand Swiss 2023"]
[Site "Villa Marina, Douglas, Isle of Man"]
[Date "2023.10.28"]
[Round "4.8"]
[White "Wojtaszek, Radoslaw"]
[Black "Giri, Anish"]
[Result "1/2-1/2"]
[WhiteElo "2668"]
[BlackElo "2760"]
[EventDate "2023.10.25"]
[ECO "D11"]
[PlyCount "61"]
[BlackFideId "24116068"]
[TimeControl "40/100 + 20/50 + 15 + 30s/move"]
[WhiteFideId "1118358"]

1.d4 d5 2.c4 c6 3.Nf3 Nf6 4.e3 Bg4 5.Qb3 Qb6 6.Ne5 Bf5 7.cxd5 Qxb3 8.axb3 Nxd5 9.Bd3 Bxd3 10.Nxd3 e6 11.Bd2 Na6 12.Ke2 Ndb4 13.Nxb4 Nxb4 14.Na3 Nd5 15.Nc4 h5 16.Rhd1 f6 17.e4 Nc7 18.Bf4 Nb5 19.d5 exd5 20.exd5 Bc5 21.dxc6 bxc6 22.Rac1 Nd4+ 23.Kf1 O-O-O 24.Na5 Bb6 25.Nxc6 Nxc6 26.Rxc6+ Kb7 27.Rcd6 Rxd6 28.Rxd6 Rd8 29.Rxd8 Bxd8 30.Ke2 Kc6 31.Kd3 1/2-1/2

[Event "FIDE Grand Swiss 2023"]
[Site "Villa Marina, Douglas, Isle of Man"]
[Date "2023.10.28"]
[Round "4.9"]
[White "Niemann, Hans Moke"]
[Black "Rapport, Richard"]
[Result "1-0"]
[WhiteElo "2667"]
[BlackElo "2752"]
[EventDate "2023.10.25"]
[ECO "D12"]
[PlyCount "101"]
[BlackFideId "738590"]
[TimeControl "40/100 + 20/50 + 15 + 30s/move"]
[WhiteFideId "2093596"]

1.d4 d5 2.c4 c6 3.Nf3 Nf6 4.e3 Bf5 5.Nc3 e6 6.Nh4 Bg6 7.Qb3 Qc7 8.Bd2 Ne4 9.Nxe4 Bxe4 10.cxd5 Bxd5 11.Bc4 Be7 12.Nf3 Nd7 13.Qc2 Nf6 14.Bd3 Bxf3 15.gxf3 Nd5 16.a3 O-O-O 17.O-O-O g5 18.Kb1 Kb8 19.Rc1 h6 20.Qb3 Ka8 21.Bc4 Qd7 22.Ba5 Rc8 23.Rhd1 Bd8 24.Be1 Bc7 25.h3 Rhd8 26.a4 Bb8 27.Ba5 Bc7 28.Bd2 Bb8 29.Ka1 Qe7 30.Ba5 Bc7 31.Bd2 Bb8 32.Rc2 Bd6 33.Ba5 Re8 34.e4 Nf4 35.Bf1 Bc7 36.Bb4 Qd7 37.a5 a6 38.Bc5 Rcd8 39.Rdc1 Bxa5 40.Qa4 Qc7 41.b4 Bb6 42.Bxa6 Kb8 43.Ra2 Rxd4 44.Bb5 Kc8 45.Bxb6 Qxb6 46.Bxc6 Nd3 47.Qa8+ Kc7 48.Bxe8+ Nxc1 49.Rc2+ Kd6 50.Qb8+ Ke7 51.Rc7+ 1-0

[Event "FIDE Grand Swiss 2023"]
[Site "Villa Marina, Douglas, Isle of Man"]
[Date "2023.10.28"]
[Round "4.10"]
[White "Bacrot, Etienne"]
[Black "Duda, Jan-Krzysztof"]
[Result "1/2-1/2"]
[WhiteElo "2669"]
[BlackElo "2726"]
[EventDate "2023.10.25"]
[ECO "C67"]
[PlyCount "69"]
[BlackFideId "1170546"]
[TimeControl "40/100 + 20/50 + 15 + 30s/move"]
[WhiteFideId "605506"]

1.e4 e5 2.Nf3 Nc6 3.Bb5 Nf6 4.O-O Nxe4 5.Re1 Nd6 6.Nxe5 Be7 7.Bf1 Nxe5 8.Rxe5 O-O 9.Nc3 Ne8 10.Nd5 Bd6 11.Re1 c6 12.Ne3 Be7 13.c4 Nc7 14.d4 d5 15.cxd5 Bb4 16.Bd2 Bxd2 17.Qxd2 Nxd5 18.Nxd5 Qxd5 19.Re5 Qd6 20.Bc4 Bd7 21.Rae1 b5 22.Bb3 a5 23.a3 a4 24.Ba2 Rae8 25.Qf4 Rxe5 26.Qxe5 Qxe5 27.Rxe5 Re8 28.Rxe8+ Bxe8 29.Kf1 Kf8 30.Ke2 Ke7 31.Kd2 Kd6 32.b3 axb3 33.Bxb3 f6 34.Kc3 c5 35.dxc5+ 1/2-1/2

[Event "FIDE Grand Swiss 2023"]
[Site "Villa Marina, Douglas, Isle of Man"]
[Date "2023.10.28"]
[Round "4.11"]
[White "Yu, Yangyi"]
[Black "Narayanan.S.L"]
[Result "1-0"]
[WhiteElo "2720"]
[BlackElo "2651"]
[EventDate "2023.10.25"]
[ECO "C50"]
[PlyCount "61"]
[BlackFideId "5058422"]
[TimeControl "40/100 + 20/50 + 15 + 30s/move"]
[WhiteFideId "8603820"]

1.e4 e5 2.Nf3 Nc6 3.Bc4 Bc5 4.d3 Nf6 5.O-O d6 6.c3 Bb6 7.Nbd2 O-O 8.Bb3 Ne7 9.Nh4 d5 10.exd5 Bg4 11.Nhf3 Nfxd5 12.h3 Bh5 13.g4 Bg6 14.Nxe5 Nf4 15.Ndc4 Nxd3 16.Bg5 Re8 17.Nxg6 hxg6 18.Nxb6 cxb6 19.Qf3 Ne5 20.Qe4 Qc7 21.Rfe1 N7c6 22.Rad1 b5 23.Bd5 Kh7 24.b3 Rac8 25.Kg2 Nd7 26.Qf3 Rxe1 27.Rxe1 Qd6 28.Rd1 Nce5 29.Qg3 Qc5 30.f4 Re8 31.fxe5 1-0

[Event "FIDE Grand Swiss 2023"]
[Site "Villa Marina, Douglas, Isle of Man"]
[Date "2023.10.28"]
[Round "4.12"]
[White "Volokitin, Andrei"]
[Black "Keymer, Vincent"]
[Result "0-1"]
[WhiteElo "2664"]
[BlackElo "2717"]
[EventDate "2023.10.25"]
[ECO "C50"]
[PlyCount "69"]
[BlackFideId "12940690"]
[TimeControl "40/100 + 20/50 + 15 + 30s/move"]
[WhiteFideId "14107090"]

1.e4 e5 2.Nf3 Nc6 3.Bc4 Nf6 4.d3 Bc5 5.O-O a6 6.c3 d6 7.a4 O-O 8.Re1 Ba7 9.h3 Nh5 10.Bg5 Nf6 11.Nbd2 h6 12.Be3 Bxe3 13.Rxe3 a5 14.d4 exd4 15.Nxd4 Nxd4 16.cxd4 d5 17.Bb3 dxe4 18.Nxe4 Ra6 19.Rc1 Nxe4 20.Rxe4 Rd6 21.Qd2 b6 22.Qf4 Bb7 23.Re3 Qd7 24.Rec3 c6 25.Rg3 Kh8 26.Re1 Bc8 27.Qe5 Rf6 28.Ree3 Qd8 29.Rgf3 Rxf3 30.Rxf3 Re8 31.Qf4 Be6 32.Bxe6 fxe6 33.Qe5 Qd7 34.Rb3 c5 35.dxc5 0-1

[Event "FIDE Grand Swiss 2023"]
[Site "Villa Marina, Douglas, Isle of Man"]
[Date "2023.10.28"]
[Round "4.13"]
[White "Abdusattorov, Nodirbek"]
[Black "Cheparinov, Ivan"]
[Result "1/2-1/2"]
[WhiteElo "2716"]
[BlackElo "2658"]
[EventDate "2023.10.25"]
[ECO "A20"]
[PlyCount "69"]
[BlackFideId "2905540"]
[TimeControl "40/100 + 20/50 + 15 + 30s/move"]
[WhiteFideId "14204118"]

1.c4 e5 2.b3 Nf6 3.Bb2 Nc6 4.e3 d5 5.cxd5 Nxd5 6.a3 Be6 7.Qc2 Qd7 8.Nf3 f6 9.Be2 g5 10.d3 O-O-O 11.Nc3 Kb8 12.Nd2 g4 13.g3 h5 14.O-O-O Nxc3 15.Qxc3 f5 16.h3 Bg7 17.hxg4 hxg4 18.b4 Qd5 19.Rhf1 a5 20.bxa5 Nxa5 21.Nc4 Nc6 22.Rd2 Rd7 23.a4 f4 24.Qb3 Rh2 25.Qb5 f3 26.Bd1 Qxb5 27.axb5 Rxd3 28.Rxd3 Bxc4 29.Rd2 Bxb5 30.Re1 Nb4 31.Bc2 Nxc2 32.Kxc2 b6 33.Kb3 Kb7 34.Rc1 Bf6 35.Kb4 1/2-1/2

[Event "FIDE Grand Swiss 2023"]
[Site "Villa Marina, Douglas, Isle of Man"]
[Date "2023.10.28"]
[Round "4.14"]
[White "Vidit, Santosh Gujrathi"]
[Black "Shirov, Alexei"]
[Result "1-0"]
[WhiteElo "2716"]
[BlackElo "2655"]
[EventDate "2023.10.25"]
[ECO "D12"]
[PlyCount "69"]
[BlackFideId "2209390"]
[TimeControl "40/100 + 20/50 + 15 + 30s/move"]
[WhiteFideId "5029465"]

1.Nf3 d5 2.d4 Nf6 3.c4 c6 4.e3 Bf5 5.Nc3 e6 6.Nh4 Be4 7.f3 Bg6 8.Bd2 Be7 9.Nxg6 hxg6 10.Qc2 dxc4 11.Bxc4 Nbd7 12.O-O-O a6 13.Kb1 c5 14.g4 cxd4 15.exd4 Nb6 16.Bb3 Rc8 17.Qd3 Nfd5 18.Nxd5 Nxd5 19.f4 Qd7 20.f5 gxf5 21.gxf5 exf5 22.Rde1 Kf8 23.Re5 Nf6 24.Rxf5 Rh4 25.Bc3 b5 26.a3 Bxa3 27.Rxf6 gxf6 28.bxa3 Rh3 29.Bb4+ Kg7 30.Rg1+ Kh8 31.Rg3 Rxg3 32.hxg3 Kg7 33.Bc2 Rh8 34.d5 Qa7 35.Qf3 1-0

[Event "FIDE Grand Swiss 2023"]
[Site "Villa Marina, Douglas, Isle of Man"]
[Date "2023.10.28"]
[Round "4.15"]
[White "Vitiugov, Nikita"]
[Black "Aravindh, Chithambaram Vr."]
[Result "1/2-1/2"]
[WhiteElo "2711"]
[BlackElo "2649"]
[EventDate "2023.10.25"]
[ECO "D12"]
[PlyCount "99"]
[BlackFideId "5072786"]
[TimeControl "40/100 + 20/50 + 15 + 30s/move"]
[WhiteFideId "4152956"]

1.d4 d5 2.c4 c6 3.Nf3 Nf6 4.e3 Bf5 5.Nc3 e6 6.Nh4 Bg6 7.Nxg6 hxg6 8.Bd2 Nbd7 9.cxd5 exd5 10.Qc2 Rc8 11.O-O-O Bb4 12.f3 O-O 13.g4 c5 14.Kb1 Re8 15.g5 cxd4 16.exd4 Nh5 17.Rg1 Nb6 18.Bb5 Re6 19.Rde1 Bxc3 20.bxc3 Qd6 21.Rxe6 Qxe6 22.Re1 Qh3 23.Re7 Qxf3 24.Rxb7 Nf4 25.Bxf4 Qxf4 26.a4 Qf3 27.Kb2 Nc4+ 28.Bxc4 dxc4 29.Rb5 a6 30.Rc5 Re8 31.Ka3 Qd3 32.Qb2 Re1 33.Qb8+ Kh7 34.Qg3 Re8 35.Kb4 Qb1+ 36.Ka5 Kg8 37.Qc7 Qc1 38.Rxc4 Qxg5+ 39.Rc5 Qd2 40.Qd7 Rf8 41.Rc8 Rxc8 42.Qxc8+ Kh7 43.Qh3+ Kg8 44.Kxa6 Qe2+ 45.Kb6 f5 46.Qg3 Qb2+ 47.Ka7 Qa2 48.Qxg6 Qxa4+ 49.Kb7 Qb3+ 50.Ka6 1/2-1/2

[Event "FIDE Grand Swiss 2023"]
[Site "Villa Marina, Douglas, Isle of Man"]
[Date "2023.10.28"]
[Round "4.16"]
[White "Najer, Evgeniy"]
[Black "Maghsoodloo, Parham"]
[Result "1-0"]
[WhiteElo "2648"]
[BlackElo "2707"]
[EventDate "2023.10.25"]
[ECO "B67"]
[PlyCount "101"]
[BlackFideId "12539929"]
[TimeControl "40/100 + 20/50 + 15 + 30s/move"]
[WhiteFideId "4118987"]

1.e4 c5 2.Nf3 d6 3.d4 cxd4 4.Nxd4 Nf6 5.Nc3 Nc6 6.Bg5 e6 7.Qd2 a6 8.O-O-O Bd7 9.Kb1 Nxd4 10.Qxd4 Be7 11.Be2 Rc8 12.f4 Bc6 13.Bf3 O-O 14.f5 h6 15.Bc1 exf5 16.exf5 Qa5 17.Bxc6 Rxc6 18.Rhe1 Bd8 19.g4 Bb6 20.Qd3 Bf2 21.Re7 Bh4 22.Rxb7 Re8 23.h3 Qe5 24.a3 Rec8 25.Rb4 d5 26.Bf4 Qe7 27.Nxd5 Nxd5 28.Qxd5 Rxc2 29.Rb7 Qe8 30.Qd7 Rf2 31.Be5 a5 32.Qxe8+ Rxe8 33.Bc3 a4 34.Ra7 Rh2 35.Rxa4 Rxh3 36.Rb4 Ra8 37.a4 h5 38.gxh5 Bg5 39.Rd7 Rxh5 40.a5 Bd8 41.a6 Ba5 42.Rb5 Rh1+ 43.Ka2 Bxc3 44.a7 Kh7 45.bxc3 Rh2+ 46.Kb3 Rh1 47.Rbb7 Rb1+ 48.Kc4 Rxb7 49.Rxb7 g5 50.fxg6+ Kxg6 51.Kb5 1-0

[Event "FIDE Grand Swiss 2023"]
[Site "Villa Marina, Douglas, Isle of Man"]
[Date "2023.10.28"]
[Round "4.17"]
[White "Korobov, Anton"]
[Black "Deac, Bogdan-Daniel"]
[Result "1/2-1/2"]
[WhiteElo "2658"]
[BlackElo "2701"]
[EventDate "2023.10.25"]
[ECO "C54"]
[PlyCount "81"]
[BlackFideId "1226380"]
[TimeControl "40/100 + 20/50 + 15 + 30s/move"]
[WhiteFideId "14105730"]

1.e4 e5 2.Nf3 Nc6 3.Bc4 Nf6 4.d3 Bc5 5.c3 d6 6.Bg5 h6 7.Bh4 a6 8.Nbd2 Ba7 9.a4 Qe7 10.O-O Be6 11.b4 O-O 12.Re1 Bxc4 13.Nxc4 Qe6 14.b5 Nb8 15.Bxf6 Qxf6 16.Rb1 Nd7 17.bxa6 bxa6 18.Na5 Qe6 19.Nc6 Nb8 20.Nxa7 Rxa7 21.d4 Nd7 22.a5 Qc4 23.Qd2 c5 24.dxe5 Nxe5 25.Nh4 Rd8 26.Nf5 Qe6 27.h4 Qf6 28.f4 Ng4 29.g3 d5 30.Ne3 Nxe3 31.Qxe3 d4 32.cxd4 cxd4 33.Qd3 Rc7 34.e5 Qc6 35.Rbd1 Qc3 36.e6 Qxd3 37.Rxd3 fxe6 38.Rxe6 Rc3 39.Rxc3 dxc3 40.Rc6 Rd5 41.Rxc3 1/2-1/2

[Event "FIDE Grand Swiss 2023"]
[Site "Villa Marina, Douglas, Isle of Man"]
[Date "2023.10.28"]
[Round "4.18"]
[White "Melkumyan, Hrant"]
[Black "Shankland, Sam"]
[Result "1/2-1/2"]
[WhiteElo "2650"]
[BlackElo "2698"]
[EventDate "2023.10.25"]
[ECO "D38"]
[PlyCount "93"]
[BlackFideId "2004887"]
[TimeControl "40/100 + 20/50 + 15 + 30s/move"]
[WhiteFideId "13302485"]

1.c4 e6 2.Nc3 d5 3.cxd5 exd5 4.d4 Nf6 5.Nf3 Bb4 6.Bg5 h6 7.Bxf6 Qxf6 8.Qb3 Qd6 9.a3 Ba5 10.g3 O-O 11.Bg2 Nd7 12.O-O c6 13.Qc2 Nf6 14.b4 Bb6 15.e3 g6 16.Rfc1 Bf5 17.Qb3 Rfc8 18.Na4 Rab8 19.Nc5 a6 20.Ne5 Qe7 21.a4 h5 22.Ncd3 Bc7 23.b5 Bd6 24.bxc6 bxc6 25.Qc3 c5 26.dxc5 Rxc5 27.Nxc5 Bxe5 28.Qa5 Bxa1 29.Rxa1 Rb2 30.Rf1 h4 31.Qxa6 h3 32.Bf3 Kg7 33.Nd3 Rd2 34.Nf4 d4 35.exd4 Rxd4 36.a5 Qa3 37.Qe2 Qxa5 38.Qb2 Rd2 39.Qa1 Qxa1 40.Rxa1 Nd7 41.Re1 g5 42.Nd5 Kf8 43.Ne3 Ne5 44.Bh1 Bd3 45.f4 gxf4 46.gxf4 Ng6 47.Rd1 1/2-1/2